 Dungeon Crawl Stone Soup version 0.30-a0-847-g17996783a1 (webtiles) character file.

Game seed: 731357662623835400

242185 jasper the Slayer (level 19, 160/191 (195) HPs)
             Began as a Hill Orc Monk on Mar 3, 2023.
             Was the Champion of Beogh.
             Quit the game on level 1 of the Elven Halls on Mar 4, 2023.
             The game lasted 02:14:57 (67862 turns).

jasper the Slayer (Hill Orc Monk)                  Turns: 67862, Time: 02:14:57

HP:   160/191 (195) AC: 30    Str: 22    XL:     19   Next: 38%
MP:   28/28         EV:  6    Int: 16    God:    Beogh [******]
Gold: 1865          SH: 18    Dex: 13    Spells: 18/18 levels left

rFire   + . .      SeeInvis .    Y - +1 broad axe (venom)
rCold   + . .      Faith    +    p - +0 tower shield {reflect}
rNeg    . . .      Spirit   .    M - +1 plate armour {rC+}
rPois   .          Reflect  +    t - +2 hat
rElec   .          Rampage  .    z - +1 cloak {Will+}
rCorr   .                        O - +2 pair of gloves
Will    +++..                    y - +1 pair of boots {Stlth+} Stlth
                                 S - amulet of faith
HPRegen 0.51/turn                w - +4 ring of slaying
MPRegen 0.21/turn                a - ring of Miracles {rF+ Will+ Int+6}

@: studying 2 skills, lightly drained
A: walk on water, horns 1, low MP 1
}: 2/15 runes: barnacled, gossamer
a: Renounce Religion, Smiting, Recall Orcish Followers, Give Item to Named
Follower, Resurrection


You were on level 1 of the Elven Halls.
You worshipped Beogh.
Beogh was exalted by your worship.
You visited 7 branches of the dungeon, and saw 33 of its levels.
You also visited: Gauntlet.

You collected 4445 gold pieces.
You spent 2580 gold pieces at shops.

Inventory:

Hand Weapons
 B - a +2 demon trident of freezing
 H - a +0 glaive
 L - a +1 demon trident of freezing
 Q - a +2 broad axe of electrocution
 Y - a +1 broad axe of venom (weapon)
Missiles
 g - 92 stones (quivered)
 q - 6 throwing nets
 Z - 7 curare-tipped darts
Armour
 p - a +0 tower shield of reflection (worn)
 t - a +2 hat (worn)
 y - a +1 pair of boots of stealth (worn)
 z - a +1 cloak of willpower (worn)
 M - a +1 plate armour of cold resistance (worn)
 O - a +2 pair of gloves (worn)
Jewellery
 a - the ring of Miracles (right hand) {rF+ Will+ Int+6}
   (You bought it in a shop on level 1 of the Elven Halls)

   [ring of intelligence]

   Int:       It affects your intelligence (+6).
   rF:        It protects you from fire.
   Will:      It increases your willpower.
 d - a ring of poison resistance
 h - an amulet of the acrobat
 r - an amulet of regeneration
 w - a +4 ring of slaying (left hand)
 E - a ring of protection from fire
 S - an amulet of faith (around neck)
 V - a ring of protection from cold
Wands
 j - a wand of polymorph (8)
 v - a wand of iceblast (40)
 C - a wand of paralysis (10)
 N - a wand of acid (4)
 U - a wand of flame (34)
 W - a wand of digging (7)
Scrolls
 b - 2 scrolls of magic mapping
 f - a scroll of blinking
 i - 3 scrolls of butterflies
 m - 10 scrolls of fear
 u - 9 scrolls of poison
 x - a scroll of silence
 A - 5 scrolls of enchant weapon
 J - 14 scrolls of teleportation
 P - a scroll of enchant armour
 T - 3 scrolls of fog
Potions
 c - 15 potions of ambrosia
 e - 3 potions of attraction
 k - 5 potions of might
 l - 8 potions of brilliance
 n - 15 potions of curing
 o - 2 potions of invisibility
 s - 3 potions of mutation
 D - 3 potions of berserk rage
 F - 3 potions of resistance
 G - 4 potions of haste
 I - 3 potions of lignification
 K - 4 potions of flight
 R - 5 potions of cancellation
 X - a potion of magic


   Skills:
 * Level 23.4 Fighting
 - Level 18.0 Axes
 + Level 17.7 Armour
 - Level 2.4 Dodging
 - Level 1.5 Stealth
 + Level 14.5 Shields
 + Level 18.2 Invocations


You had 18 spell levels left.
You didn't know any spells.
Your spell library contained the following spells:

 Spells                   Type           Power      Damage    Failure   Level
 Apportation              Tloc           0%         N/A       100%        1
 Freeze                   Ice            0%         1d3       100%        1
 Kiss of Death            Conj/Necr      0%         2d5       100%        1
 Necrotise                Necr           0%         1d4       100%        1
 Summon Small Mammal      Summ           0%         N/A       100%        1
 Cigotuvi's Dreadful Rot  Necr/Pois/Air  0%         N/A       100%        2
 Ensorcelled Hibernation  Hex/Ice        0%         N/A       100%        2
 Poisonous Vapours        Pois/Air       0%         N/A       100%        2
 Static Discharge         Conj/Air       0%         2-2/arc   100%        2
 Call Canine Familiar     Summ           0%         N/A       100%        3
 Confusing Touch          Hex            0%         N/A       100%        3
 Frozen Ramparts          Ice            0%         1d1       100%        3
 Hailstorm                Conj/Ice       0%         3d3       100%        3
 Ignite Poison            Fire/Tmut/Pois 0%         N/A       100%        3
 Inner Flame              Hex/Fire       0%         N/A       100%        3
 Mephitic Cloud           Conj/Pois/Air  0%         N/A       100%        3
 Portal Projectile        Hex/Tloc       0%         N/A       100%        3
 Spider Form              Tmut/Pois      0%         N/A       100%        3
 Stone Arrow              Conj/Erth      0%         3d7       100%        3
 Tukima's Dance           Hex            0%         N/A       100%        3
 Vhi's Electric Charge    Tloc/Air       0%         N/A       100%        3
 Anguish                  Hex/Necr       0%         N/A       100%        4
 Animate Armour           Summ/Erth      0%         N/A       100%        4
 Cause Fear               Hex            0%         N/A       100%        4
 Dispel Undead            Necr           0%         3d6       100%        4
 Flame Wave               Conj/Fire      0%         2d4       100%        4
 Ice Form                 Ice/Tmut       0%         N/A       100%        4
 Leda's Liquefaction      Hex/Erth       0%         N/A       100%        4
 Passage of Golubria      Tloc           0%         N/A       100%        4
 Sticky Flame             Conj/Fire      0%         2d3       100%        4
 Summon Ice Beast         Ice/Summ       0%         N/A       100%        4
 Summon Lightning Spire   Summ/Air       0%         N/A       100%        4
 Alistair's Intoxication  Tmut/Pois      0%         N/A       100%        5
 Arcjolt                  Conj/Air       0%         1d10      100%        5
 Blade Hands              Tmut           0%         N/A       100%        5
 Irradiate                Conj/Tmut      0%         3d11      100%        5
 Iskenderun's Battlesphe  Conj           0%         2d6       100%        5
 Lee's Rapid Deconstruct  Erth           0%         3d4*      100%        5
 Lightning Bolt           Conj/Air       0%         1d11      100%        5
 Silence                  Hex/Air        0%         N/A       100%        5
 Eringya's Noxious Bog    Tmut/Pois      0%         N/A       100%        6
 Iron Shot                Conj/Erth      0%         9d1       100%        6
 Statue Form              Tmut/Erth      0%         N/A       100%        6
 Dragon Form              Tmut           0%         N/A       100%        7
 Spellforged Servitor     Conj/Summ      0%         N/A       100%        7
 Storm Form               Tmut/Air       0%         N/A       100%        7
 Borgnjor's Revivificati  Necr           0%         N/A       100%        8
 Lehudib's Crystal Spear  Conj/Erth      0%         10d2      100%        8
 Maxwell's Capacitive Co  Air            0%         ∞         100%        8
 Necromutation            Tmut/Necr      0%         N/A       100%        8
 Death's Door             Necr           0%         N/A       100%        9
 Dragon's Call            Summ           0%         N/A       100%        9


Dungeon Overview and Level Annotations

Branches:
Dungeon (15/15)            Temple (0/1) D:6            Lair (5/5) D:11
 Shoals (4/4) Lair:2       Spider (4/4) Lair:3        Slime (0/5) Lair:5
    Orc (2/2) D:11            Elf (1/3) Orc:2        Vaults (2/5) D:14
 Depths (0/4) D:15        Gauntlet (visited)
  Crypt: Vaults:2-3

Altars:
Dithmenos
Elyvilon
Gozag
Hepliaklqana
Kikubaaqudgha
Okawaru
Qazlal
Ru
Uskayaw
Vehumet
Wu Jian
Xom
The Shining One
Jiyva

Shops:
D:6 :   D:9 (   Orc:2 [?*(   Elf:1 =:   Shoals:3 *

Annotations:
D:11 2 runed translucent doors, Newt's ghost, journeyman KoHu
D:13 3 runed translucent doors, IdlyInterested's ghost, journeyman DsFi
Lair:2 2 transporters, exclusion: oklob plant, Pisauk's ghost, journeyman HOFi
Lair:5 exclusion: obsidian statue


Innate Abilities, Weirdness & Mutations

You can walk on water.
You have a pair of small horns on your head.
Your magical capacity is low. (-10% MP)


Message History

Your pack is full.
You see here a ring of fire.
Could not pick up a ring of fire here; ([A]lways) ignore it? [Y]es, [N]o, or [A]lways only, please.
Could not pick up a ring of fire here; ([A]lways) ignore it?
Things that are here:
a +1 dagger of flaming; a +2 antimagic shortbow; a +0 leather armour
Items here: ))) [.
You see here a +4 flail of draining.
Items here: ))) [.
You see here a +2 long sword of protection.
An earth elemental is nearby!
An earth elemental is nearby!
You block the earth elemental's attack. The earth elemental hits you!!
You take 22 damage, and have 169/191 hp.
The earth elemental hits you!
You take 8 damage, and have 161/191 hp.
You hit the earth elemental.
The earth elemental is lightly damaged.
You block the earth elemental's attack.
You hit the earth elemental.
The earth elemental is lightly damaged.
You barely miss the earth elemental.
The earth elemental is lightly damaged.
You block the earth elemental's attack.
You hit the earth elemental. You headbutt the earth elemental!
The earth elemental is moderately damaged.
You slash the earth elemental!
The earth elemental is severely damaged.
You block the earth elemental's attack.
You hit the earth elemental.
The earth elemental is severely damaged.
The earth elemental hits you.
You take 5 damage, and have 159/191 hp.
You hit the earth elemental but do no damage.
You headbutt the earth elemental!
You destroy the earth elemental!
Beogh accepts your kill.
Are you sure you want to abandon this character and quit the game? (Confirm with "yes".) #E ## #.....eE ## #.. ..####°# # ###.# #.## ee #. ###.#.##...## ee°

#.##.....#......
...○
#.............##
....8
#..............
.#....
#......@...#.#
##...........#
#.........#)#
###.....#.).#
###.###)#.#
###.#)#.##
#>.))...# ♣♣♣♣♣
##)#.#.##
♣♣P..♣♣
#..)....#
♣♣..∩).♣


There were no monsters in sight!

Vanquished Creatures
  Nikola (Shoals:3)
  A sphinx (Vaults:1)
  Agnes (D:14)
  Ilsuiw (Shoals:1)
  6 emperor scorpions
  A vault warden (Vaults:1)
  5 ghost moths
  2 very ugly things (Vaults:1)
  A war gargoyle (Vaults:1)
  An orc warlord (D:14)
  2 broodmothers
  8 ironbound preservers (Vaults:1)
  An ironbound thunderhulk (Vaults:1)
  A deep elf annihilator (Vaults:2)
  3 dire elephants
  5 spark wasps
  4 merfolk javelineers
  10 merfolk impalers
  5 yaktaur captains (Vaults:1)
  A great orb of eyes (Vaults:1)
  4 hydras (Lair:4)
  3 entropy weavers
  3 vault guards (D:14)
  2 peacekeepers (Vaults:1)
  A radroach (Spider:3)
  6 boulder beetles
  3 catoblepae
  4 merfolk avatars
  2 alligator snapping turtles (Shoals:4)
  A centaur warrior (D:14)
  2 satyrs (Shoals:3)
  A merfolk aquamancer (Shoals:1)
  17 death yaks
  A tengu warrior (D:14)
  6 dancing weapons (Elf:1)
  2 skysharks
  A thrashing horror (Gauntlet)
  Amaemon (Lair:2)
  A spectral death yak (Lair:5)
  3 pharaoh ants
  Sonja (D:12)
  A fire crab (Gauntlet)
  3 deep elf knights (Elf:1)
  3 skeletal warriors (D:14)
  2 sun moths (Spider:3)
  5 sea snakes
  4 ironbound convokers (Vaults:1)
  An orb spider (shapeshifter) (Vaults:1)
  A spectral anaconda (Lair:5)
  6 deep trolls (Vaults:1)
  A kraken simulacrum (Shoals:4)
  9 orb spiders
  2 orc knights
  4 deep elf archers (Elf:1)
  A wizard (Vaults:1)
  4 necromancers (Lair:5)
  5 steelbarb worms
  5 deep elf pyromancers
  3 deep elf zephyrmancers (Elf:1)
  A harpy (shapeshifter) (D:15)
  9 harpies
  6 lindwurms (Vaults:1)
  20 wolf spiders
  8 fauns
  5 cyclopes
  8 manticores
  2 centaur zombies (D:12)
  5 water nymphs
  6 merfolk sirens
  A moth of wrath (Spider:3)
  20 elephants
  6 ugly things
  2 dire elephant zombies (Lair:5)
  5 demonic crawlers
  5 black mambas
  5 vault sentinels (Vaults:1)
  Maurice (Orc:1)
  5 cane toads
  3 torpor snails
  A dire elephant skeleton (Lair:5)
  3 gargoyles
  A kobold demonologist (D:9)
  2 rime drakes
  2 yaktaurs (Vaults:1)
  An unseen horror (D:11)
  6 komodo dragons
  An efreet (D:13)
  A tengu conjurer (D:13)
  A queen bee (Lair:2)
  3 trolls
  3 hornets
  A meliai (D:14)
  A wind drake (Shoals:3)
  24 tarantellas
  5 snapping turtles
  14 blink frogs
  22 merfolk
  12 dream sheep
  A dire elephant simulacrum (Lair:5)
  Sigmund (D:5)
  2 air elementals (Elf:1)
  10 jumping spiders
  3 vampires
  5 shadows
  7 water elementals
  6 slime creatures (Vaults:1)
  19 culicivoras
  3 wyverns
  A wraith (D:11)
  A fire elemental (Elf:1)
  9 basilisks
  14 yaks
  4 fire bats (Gauntlet)
  3 humans (D:14)
  2 vampire mosquitoes (D:10)
  52 redbacks
  3 steam dragons
  A spectral cane toad (Lair:5)
  An acid dragon (D:11)
  11 water moccasins
  4 ice beasts
  3 black bears
  8 orc warriors
  3 elephant zombies (Lair:5)
  6 ogres
  5 centaurs
  3 boggarts (Vaults:1)
  2 phantoms
  6 bullfrogs
  4 kobold brigands
  An elf zombie (D:8)
  2 small abominations (Gauntlet)
  6 scorpions
  A gnoll sergeant (D:8)
  2 cane toad simulacra (Lair:5)
  An earth elemental (Elf:1)
  An elf skeleton (D:8)
  8 wights
  2 elephant simulacra (Lair:5)
  16 killer bees
  4 howler monkeys
  4 electric eels
  A gnoll bouda (D:4)
  4 hounds
  4 jellies
  3 orc priests
  2 human skeletons (D:8)
  2 iguanas (D:5)
  3 orc wizards
  20 gnolls
  11 adders
  A shadow imp (D:6)
  3 white imps
  4 worms
  2 dart slugs
  25 orcs
  9 bats
  9 endoplasms
  6 giant cockroaches
  8 goblins
  8 hobgoblins
  9 jackals
  9 quokkas
  11 ball pythons
  5 frilled lizards
  38 kobolds
  An orc skeleton (D:8)
  An orc zombie (D:8)
  4 rats
  A tentacle (Shoals:4)
867 creatures vanquished.

Vanquished Creatures (collateral kills)
  Polyphemus (Shoals:2)
  Donald (Shoals:2)
  2 emperor scorpions
  2 ironbound preservers (D:14)
  3 ironbound thunderhulks (Vaults:1)
  Nessos (Lair:2)
  A minotaur (Gauntlet)
  A spark wasp (Spider:1)
  A dire elephant (D:14)
  An entropy weaver (Spider:3)
  2 merfolk impalers (Shoals:3)
  4 hydras
  A yaktaur captain (Vaults:1)
  A vault guard (D:14)
  An ironbound frostheart (D:14)
  3 boulder beetles
  2 catoblepae
  7 death yaks
  2 merfolk aquamancers (Shoals:3)
  A thrashing horror (Gauntlet)
  2 two-headed ogres
  A tengu warrior (D:14)
  A deep elf knight (Orc:2)
  A skyshark (Shoals:2)
  A pharaoh ant (Lair:3)
  2 sea snakes
  3 steelbarb worms
  6 wolf spiders
  4 harpies (Shoals:1)
  2 deep elf pyromancers (Orc:2)
  A faun (Shoals:1)
  2 ugly things
  4 cyclopes
  4 manticores
  6 elephants
  Joseph (Lair:1)
  A merfolk siren (Shoals:3)
  A moth of wrath (Lair:3)
  5 black mambas
  2 vault sentinels
  A naga mage (D:14)
  An orange demon (Lair:2)
  4 cane toads
  2 torpor snails (Lair:3)
  7 rime drakes
  A komodo dragon (Lair:4)
  An efreet (D:12)
  3 merfolk (Shoals:3)
  2 trolls (D:11)
  A hornet (Lair:3)
  A polar bear (Lair:3)
  5 meliai
  5 tarantellas (Lair:3)
  8 blink frogs
  3 wind drakes
  12 dream sheep
  A snapping turtle (Shoals:2)
  7 jumping spiders
  3 culicivoras
  A shadow (D:9)
  A vampire (D:11)
  A wraith (D:11)
  4 humans (D:14)
  7 wyverns
  28 yaks
  A basilisk (Lair:3)
  8 redbacks
  A warg (Orc:1)
  9 water moccasins
  An ice beast (D:6)
  8 orc warriors
  2 ogres (Orc:1)
  3 wolves (Lair:4)
  9 centaurs
  2 kobold brigands
  4 bullfrogs
  An earth elemental (Orc:2)
  3 wights
  15 killer bees
  A jelly (D:6)
  4 orc priests
  2 sleepcaps
  An orc wizard (D:14)
  13 hell rats
  3 gnolls
  2 ufetubi
  16 orcs
  3 kobolds (D:7)
  A butterfly (Lair:2)
311 creatures vanquished.

Vanquished Creatures (others)
  A deep elf pyromancer (Elf:1)
  A deep elf zephyrmancer (Elf:1)
  An elephant (Lair:5)
  A faun (Shoals:2)
  6 orc warriors
  A jumping spider (Spider:3)
  A human (D:14)
  A water elemental (Elf:1)
  11 orc priests
  9 orc wizards
  50 orcs
  A bush (Lair:5)
  64 fungi
  219 plants
  6 tentacles (Shoals:4)
  24 withered plants
397 creatures vanquished.

Grand Total: 1575 creatures vanquished

Notes
Turn   | Place    | Note
-------+----------+-------------------------------------------
     0 | D:1      | jasper the Hill Orc Monk began the quest for the Orb.
     0 | D:1      | Reached XP level 1. HP: 19/19 MP: 1/1
   258 | D:1      | Reached XP level 2. HP: 23/27 MP: 2/2
   637 | D:1      | Reached skill level 4 in Fighting
   798 | D:1      | Reached skill level 5 in Axes
   798 | D:1      | Reached XP level 3. HP: 33/33 MP: 3/3
  1428 | D:1      | Reached skill level 1 in Armour
  1539 | D:2      | Reached XP level 4. HP: 33/41 MP: 4/4
  1569 | D:2      | Gained mutation: You occasionally lose the ability to read
                  | scrolls when taking damage. [potion of mutation]
  1569 | D:2      | Gained mutation: Your flesh is heat resistant. (rF+)
                  | [potion of mutation]
  1569 | D:2      | Gained mutation: You are partially covered in large bone
                  | plates. (SH +4) [potion of mutation]
  1578 | D:2      | HP: 2/41 [gnoll/+0 flail (10)]
  1838 | D:2      | Reached XP level 5. HP: 34/47 MP: 5/5
  3249 | D:3      | You fall into a shaft and drop 3 floors!
  3254 | D:5      | Entered Level 5 of the Dungeon
  3262 | D:5      | Noticed a black bear
  3271 | D:5      | Killed a black bear
  3272 | D:5      | Reached skill level 5 in Fighting
  3272 | D:5      | Reached skill level 1 in Shields
  3272 | D:5      | Reached XP level 6. HP: 56/56 MP: 6/6
  3450 | D:5      | Found an ornate altar of the Wu Jian Council.
  3544 | D:5      | Reached XP level 7. HP: 61/61 MP: 7/7
  3602 | D:5      | Became a worshipper of Beogh the Brigand
  3602 | D:5      | Reached * piety under Beogh
  3602 | D:5      | Reached ** piety under Beogh
  3808 | D:3      | Found an opulent altar of Gozag.
  4351 | D:4      | Reached skill level 6 in Fighting
  4431 | D:4      | Reached XP level 8. HP: 56/70 MP: 8/8
  4725 | D:4      | Reached *** piety under Beogh
  5189 | D:5      | Noticed Sigmund
  5195 | D:5      | Killed Sigmund
  5196 | D:5      | Reached skill level 7 in Fighting
  5196 | D:5      | Reached skill level 10 in Axes
  5196 | D:5      | Reached skill level 5 in Armour
  5332 | D:5      | Reached XP level 9. HP: 71/79 MP: 9/9
  5493 | D:5      | Found an iron altar of Okawaru.
  5837 | D:5      | Found a radiant altar of Vehumet.
  6109 | D:5      | Found a glowing golden altar of the Shining One.
  6522 | D:6      | Identified the +1 robe of the Arcane {rElec rN+}
  6528 | D:6      | Found Ymit's Book Boutique.
  6784 | D:6      | Found a stormy altar of Qazlal.
  6789 | D:6      | Gained Boruk as an ally
  6896 | D:6      | Found a shadowy altar of Dithmenos.
  7071 | D:6      | Found a white marble altar of Elyvilon.
  7089 | D:6      | Reached skill level 8 in Fighting
  7379 | D:6      | Found a staircase to the Ecumenical Temple.
  7455 | D:6      | Found a sacrificial altar of Ru.
  7456 | D:6      | Found a radiant altar of Vehumet.
  7456 | D:6      | Found a hazy altar of Hepliaklqana.
  7758 | D:6      | Found a shimmering altar of Xom.
  9180 | D:7      | Reached XP level 10. HP: 89/89 MP: 10/10
  9246 | D:7      | Found an ancient bone altar of Kikubaaqudgha.
  9385 | D:7      | Found a hide-covered altar of Uskayaw.
  9970 | D:7      | Reached **** piety under Beogh
  9971 | D:7      | Reached skill level 9 in Fighting
 10445 | D:8      | Noticed a two-headed ogre
 10454 | D:7      | Killed a two-headed ogre
 13235 | D:9      | Found Ogent's Weapon Emporium.
 13778 | D:9      | Noticed a kobold demonologist
 13781 | D:9      | Noticed a rust devil
 13791 | D:9      | Killed a kobold demonologist
 14539 | D:10     | Entered Level 10 of the Dungeon
 14967 | D:10     | Reached skill level 10 in Fighting
 15562 | D:10     | Reached XP level 11. HP: 91/99 MP: 8/11
 15563 | D:10     | Reached skill level 15 in Axes
 16009 | D:11     | Noticed a cyclops
 16022 | D:10     | Killed a cyclops
 16022 | D:10     | Gained Harm as an ally
 16858 | D:11     | Found a staircase to the Orcish Mines.
 16875 | D:11     | Reached ***** piety under Beogh
 17054 | D:11     | Found a runed translucent door.
 17057 | D:11     | Noticed a centaur warrior
 17057 | D:11     | Noticed a tengu reaver
 17057 | D:11     | Noticed a lich
 17057 | D:11     | Noticed an orc warlord
 17060 | D:11     | Noticed a boulder beetle
 17085 | D:11     | Killed a boulder beetle
 17086 | D:11     | Reached skill level 1 in Invocations
 17521 | D:11     | Noticed Newt's ghost (journeyman KoHu)
 17589 | D:11     | Reached skill level 11 in Fighting
 17753 | D:11     | Noticed a necromancer
 17755 | D:11     | Identified the +6 whip of Defilement {antimagic, rElec rN+
                  | Int+3}
 17763 | D:11     | Found a runed translucent door.
 17775 | D:11     | Found a staircase to the Lair.
 17944 | D:12     | Noticed Nergalle
 18267 | D:12     | Noticed Sonja
 18271 | D:12     | Killed Sonja
 18508 | D:12     | Noticed a green ugly thing
 18508 | D:12     | Noticed a red ugly thing
 18529 | D:11     | Killed a green ugly thing
 18576 | D:11     | Killed a red ugly thing
 18616 | D:12     | Noticed a manticore
 18646 | D:12     | Noticed a two-headed ogre
 18657 | D:11     | Killed a two-headed ogre
 18658 | D:11     | Reached skill level 10 in Armour
 18658 | D:11     | Reached skill level 5 in Invocations
 18682 | D:12     | Noticed a boulder beetle
 18689 | D:11     | Killed a manticore
 18692 | D:11     | Killed a boulder beetle
 18968 | D:11     | Reached XP level 12. HP: 112/112 MP: 16/16
 19580 | D:13     | Noticed a catoblepas
 19591 | D:12     | Killed a catoblepas
 19892 | D:13     | Reached skill level 12 in Fighting
 20086 | D:13     | Found a runed translucent gate.
 20086 | D:13     | Found a runed translucent gate.
 20087 | D:13     | Noticed a fire giant
 20088 | D:13     | Found a runed translucent gate.
 20088 | D:13     | Noticed IdlyInterested's ghost (journeyman DsFi)
 20353 | D:13     | Noticed a boulder beetle
 20382 | D:12     | Killed a boulder beetle
 20419 | D:12     | Lost mutation: Your flesh is heat resistant. (rF+) [potion
                  | of mutation]
 20419 | D:12     | Lost mutation: You occasionally lose the ability to read
                  | scrolls when taking damage. [potion of mutation]
 20419 | D:12     | Lost mutation: You are partially covered in large bone
                  | plates. (SH +4) [potion of mutation]
 20419 | D:12     | Gained mutation: Your magical capacity is low. (-10% MP)
                  | [potion of mutation]
 20419 | D:12     | Gained mutation: You have a pair of small horns on your
                  | head. [potion of mutation]
 20669 | D:13     | Noticed a catoblepas
 20689 | D:13     | Killed a catoblepas
 21448 | D:14     | Noticed a boulder beetle
 21548 | D:14     | Killed a boulder beetle
 21610 | D:14     | Noticed a vault guard
 21633 | D:14     | Noticed a vault guard
 21637 | D:14     | Killed a vault guard
 21640 | D:14     | Noticed a vault guard
 21649 | D:14     | Killed a vault guard
 21672 | D:14     | Killed a vault guard
 21688 | D:14     | Noticed a vault guard
 21720 | D:14     | Killed a vault guard
 21721 | D:14     | Reached skill level 13 in Fighting
 21808 | D:14     | Found a gate to the Vaults.
 21890 | D:14     | Noticed a boulder beetle
 21923 | D:14     | Killed a boulder beetle
 21976 | D:14     | Noticed Agnes
 21986 | D:14     | Killed Agnes
 21986 | D:14     | Gained Wargath as an ally
 22042 | D:14     | Reached XP level 13. HP: 26/122 MP: 9/17
 22404 | D:14     | Found an iron altar of Okawaru.
 23063 | D:15     | Entered Level 15 of the Dungeon
 23098 | D:14     | Reached skill level 5 in Shields
 23207 | D:15     | Noticed a dire elephant
 23324 | D:14     | Killed a dire elephant
 24779 | D:15     | Found a staircase to the Depths.
 25563 | Lair:1   | Entered Level 1 of the Lair of Beasts
 26288 | Lair:1   | Reached skill level 10 in Invocations
 26348 | Lair:1   | Noticed Joseph
 26358 | Lair:1   | Killed Joseph
 26439 | Lair:1   | Reached skill level 14 in Fighting
 27668 | Lair:1   | Reached XP level 14. HP: 130/133 MP: 19/19
 29384 | Lair:2   | Found a staircase to the Shoals.
 29655 | Lair:2   | Identified the +6 shortbow of the Last Deaths {speed, rElec
                  | rCorr}
 29778 | Lair:2   | Noticed Pisauk's ghost (journeyman HOFi)
 29802 | Lair:2   | Found a transporter.
 30154 | Lair:2   | Found a transporter.
 30831 | Lair:3   | Noticed Amaemon
 30840 | Lair:2   | Killed Amaemon
 31127 | Lair:3   | Noticed Nessos
 31226 | Lair:2   | Killed Nessos
 31227 | Lair:2   | Reached skill level 15 in Fighting
 31498 | Lair:3   | Found a hole to the Spider Nest.
 32269 | Lair:3   | Identified the +3 flail of the Endless March {venom, SInv}
 34363 | Lair:4   | Reached ****** piety under Beogh
 34369 | Lair:4   | Reached skill level 16 in Fighting
 34515 | Lair:3   | Gained Wargath as an ally
 35779 | Lair:5   | Entered Level 5 of the Lair of Beasts
 36342 | Lair:4   | Reached XP level 15. HP: 143/145 MP: 21/21
 37397 | Lair:5   | Found a viscous altar of Jiyva.
 37397 | Lair:5   | Found a staircase to the Slime Pits.
 37581 | Lair:5   | Reached skill level 17 in Fighting
 38617 | Lair:5   | Identified the +0 troll leather armour of the Boiling Point
                  | {rElec Will+ Regen+}
 39384 | Orc:1    | Entered Level 1 of the Orcish Mines
 39384 | Orc:1    | Noticed Maurice
 39415 | Orc:1    | Reached skill level 10 in Shields
 39421 | Orc:1    | Killed Maurice
 39570 | Orc:2    | Entered Level 2 of the Orcish Mines
 39597 | Orc:2    | Found a gate leading to a gauntlet.
 39606 | Gauntlet | Entered a Gauntlet
 39606 | Gauntlet | Found a transporter.
 39606 | Gauntlet | Found a large runed translucent door.
 39606 | Gauntlet | Found a large runed translucent door.
 39606 | Gauntlet | Found a large runed translucent door.
 39606 | Gauntlet | Found a large runed translucent door.
 39606 | Gauntlet | Found a runed translucent door.
 39606 | Gauntlet | Found a runed translucent door.
 39606 | Gauntlet | Found a large runed translucent door.
 39606 | Gauntlet | Found a large runed translucent door.
 39606 | Gauntlet | Found a large runed translucent door.
 39606 | Gauntlet | Found a large runed translucent door.
 39606 | Gauntlet | Found a large runed translucent door.
 39606 | Gauntlet | Found a large runed translucent door.
 39607 | Gauntlet | Found a large runed translucent door.
 39607 | Gauntlet | Found a large runed translucent door.
 39616 | Gauntlet | Found a transporter.
 39631 | Gauntlet | Found a transporter.
 39636 | Gauntlet | Found a transporter.
 39651 | Gauntlet | Found a transporter.
 39670 | Gauntlet | Found a transporter.
 39682 | Gauntlet | Found a transporter.
 39694 | Gauntlet | Found a transporter.
 39706 | Gauntlet | Found a transporter.
 39718 | Gauntlet | Found a transporter.
 39735 | Gauntlet | Found a transporter.
 39735 | Gauntlet | Found a transporter.
 39755 | Gauntlet | Found a transporter.
 39775 | Gauntlet | Found a transporter.
 39797 | Gauntlet | Found a transporter.
 39874 | Gauntlet | Found a transporter.
 39893 | Gauntlet | Found a large runed translucent door.
 39894 | Gauntlet | Found a large runed translucent door.
 39898 | Gauntlet | Found a runed translucent gate.
 39898 | Gauntlet | Found a runed translucent gate.
 39898 | Gauntlet | Found a runed translucent gate.
 39900 | Gauntlet | Found a transporter.
 39902 | Gauntlet | Found a transporter.
 39908 | Gauntlet | Found a large runed translucent door.
 39909 | Gauntlet | Found a large runed translucent door.
 39958 | Gauntlet | Reached skill level 18 in Fighting
 40204 | Gauntlet | Gained Orkrul as an ally
 40223 | Gauntlet | Identified the +1 cloak "Xeore" {Will- rCorr Str+8 Dex-2}
 40269 | Gauntlet | Identified the +3 morningstar "Saolyje" {venom, +Blink}
 40723 | Gauntlet | Got the Monograph on Changing
 40729 | Gauntlet | Identified the +0 dagger "Yxzopn" {freeze, *Rage rElec rN+}
 40897 | Orc:1    | Gained Boghold as an ally
 41428 | Orc:1    | Noticed Urug
 42060 | Orc:2    | Found Xiyhaklo's Assorted Antiques.
 42060 | Orc:2    | Found Wacilaph's Magic Scroll Emporium.
 42060 | Orc:2    | Found Cedykock's Antique Armour Shoppe.
 42063 | Orc:2    | Found Tehios's Weapon Boutique.
 42067 | Orc:2    | Bought a scroll of teleportation for 90 gold pieces
 42067 | Orc:2    | Bought a scroll of teleportation for 90 gold pieces
 42068 | Orc:2    | Bought a scroll of fear for 56 gold pieces
 42068 | Orc:2    | Bought a scroll of fear for 56 gold pieces
 42068 | Orc:2    | Bought a scroll of fear for 56 gold pieces
 42068 | Orc:2    | Bought a scroll of fear for 56 gold pieces
 42104 | Orc:2    | Found a staircase to the Elven Halls.
 42484 | Shoals:1 | Entered Level 1 of the Shoals
 42903 | Shoals:1 | Reached XP level 16. HP: 139/158 MP: 23/23
 45285 | Shoals:3 | Noticed Donald
 45377 | Shoals:2 | Noticed Ilsuiw
 46043 | Shoals:1 | Killed Ilsuiw
 46684 | Shoals:2 | Reached skill level 15 in Armour
 46773 | Shoals:2 | Reached skill level 19 in Fighting
 47317 | Shoals:2 | Killed Donald
 48424 | Shoals:3 | Found Lahepiud's Gadget Gallery.
 48466 | Shoals:3 | Noticed Polyphemus
 48722 | Shoals:2 | Killed Polyphemus
 49808 | Shoals:3 | Reached skill level 15 in Invocations
 49846 | Shoals:3 | Noticed Nikola
 49860 | Shoals:3 | Killed Nikola
 50010 | Shoals:4 | Entered Level 4 of the Shoals
 50039 | Shoals:4 | Identified the +2 robe "Roadgho" {Harm Regen+}
 50961 | Shoals:4 | Identified the +1 rapier "Dragon's Undoing" {speed, +Blink
                  | Will- rCorr Str+2}
 50965 | Shoals:4 | Reached skill level 20 in Fighting
 50965 | Shoals:4 | Reached XP level 17. HP: 167/170 MP: 25/25
 52533 | Shoals:3 | Gained Boderik as an ally
 52718 | Shoals:4 | Gained Learuk as an ally
 52718 | Shoals:4 | Gained Bolgrim as an ally
 52724 | Shoals:4 | Got a barnacled rune of Zot
 52905 | Spider:1 | Entered Level 1 of the Spider Nest
 55533 | Spider:2 | Gained Ugrim as an ally
 55533 | Spider:2 | Gained Morguth as an ally
 55858 | Spider:2 | Reached skill level 21 in Fighting
 58671 | Spider:4 | Entered Level 4 of the Spider Nest
 59050 | Spider:3 | Reached XP level 18. HP: 166/182 MP: 27/27
 60894 | Spider:4 | Reached skill level 22 in Fighting
 61981 | Spider:4 | Gained Ognian as an ally
 62159 | Spider:4 | Got a gossamer rune of Zot
 62447 | Vaults:1 | Entered Level 1 of the Vaults
 63578 | Vaults:1 | Identified the +3 leather armour "Ibliozxa" {rPois rF+ rC+
                  | SInv}
 64082 | Vaults:1 | Identified a scroll of acquirement
 64091 | Vaults:1 | Acquired 848 gold pieces
 64684 | Vaults:1 | Reached XP level 19. HP: 168/193 MP: 28/28
 65047 | Vaults:1 | Reached skill level 23 in Fighting
 65153 | Vaults:1 | Paralysed by a great orb of eyes for 5 turns
 66282 | Elf:1    | Entered Level 1 of the Elven Halls
 66985 | Elf:1    | Paralysed by an air elemental for 1 turns
 66996 | Elf:1    | Paralysed by an air elemental for 1 turns
 67031 | Elf:1    | HP: 2/183 [+4 heavy trident (10)]
 67432 | Elf:1    | Found Nomp's Jewellery Boutique.
 67432 | Elf:1    | Found Hoel's Jewellery Boutique.
 67432 | Elf:1    | Found Japo's Book Emporium.
 67443 | Elf:1    | HP: 3/190 [+1 glaive of protection (13)]
 67452 | Elf:1    | HP: 5/190 [+1 glaive of protection (19)]
 67491 | Elf:1    | Bought the ring of Miracles {rF+ Will+ Int+6} for 1056 gold
                  | pieces
 67824 | Elf:1    | Bought a manual of Fighting for 1120 gold pieces
 67862 | Elf:1    | Quit the game

Illustrated notes

Levels and vault maps discovered:
D:1:      scummos_arrival_forest, layout_loops_corners, serial_bayou_ford_a
D:2:      layout_loops_ring, st_stairs_3, minmay_misc_feat_diagonals
D:3:      layout_basic, mainiacjoe_overflow_alcove_2
D:4:      layout_loops_ring, serial_bayou, serial_bayou_lake_a,
          serial_bayou_shore_a, serial_bayou_crossing, serial_bayou_pond_c
D:5:      layout_loops_ring, mainiacjoe_overflow_cross_hatched,
          mainiacjoe_overflow_alcove_4, nicolae_wu_jian_glorious_leap,
          grunt_ministairs_8, minmay_ruined_shrine, uniq_sigmund
D:6:      layout_basic, nicolae_qazlal_scattered_showers, lemuel_doored_altar,
          chequers_temple_overflow_statue_of_worship, elyvilon_altar_5,
          minmay_temple_entry_metal_lava, serial_shops, shop, lightli_minifort
D:7:      layout_rooms, mainiacjoe_overflow_small_starburst,
          nicolae_uskayaw_murder_on_the_dancefloor, bh_walls_and_bars
D:8:      layout_basic, nicolae_ossuary_entry_catacombs
D:9:      layout_loops_corners, serial_shops, kennysheep_mini_moat, minivault_11
D:10:     layout_roguey [special_room_orc]
D:11:     layout_cave_pods, lair_entry_dummy, hiddenorc2_lemuel,
          muffindrake_ghost_dual_entry
D:12:     layout_big_octagon, serial_undead, serial_undead_e, serial_undead_a,
          serial_undead_f, serial_undead_e, uniq_nergalle, uniq_sonja
D:13:     layout_roguey, gammafunk_ghost_split
D:14:     layout_roguey, ximxim_vaults_locker_room, serial_bayou_pond_d,
          okawaru_gym_becter, uniq_agnes
D:15:     hangedman_depths_entry_try_elsewhere_first, layout_basic,
          hangedman_abyss_or_decor_clamps
Lair:1:   layout_regular_city, grunt_megastairs_3, uniq_joseph
Lair:2:   layout_layer_cave, minmay_shoals_entry_beasts, nzn_ghost_randoct,
          special_room [special_room_bee], lemuel_fruit_fields,
          lemuel_fruit_fields
Lair:3:   layout_hall_layers, dummy_spider_entry, grunt_megastairs_1,
          lemuel_fruit_tree, uniq_amaemon, uniq_nessos
Lair:4:   layout_roguey [special_room_mythical_zoo], infiniplex_staircase_pool_2
Lair:5:   due_jungle_book, layout_regular_city, dpeg_slime_entry_enclosed,
          grunt_megastairs_4, serial_bayou_shore_b, infiniplex_staircase_pool
Shoals:1: layout_shoals
Shoals:2: layout_shoals, uniq_ilsuiw
Shoals:3: layout_shoals, nicolae_shop_gadgets, uniq_donald, uniq_polyphemus,
          uniq_nikola
Shoals:4: shoals_end_grunt_ice, layout_shoals
Spider:1: layout_spider_delve, hangedman_spider_trapstep
Spider:2: layout_spider_delve
Spider:3: layout_spider_delve, nicolae_spider_twisty_arc_passages,
          nicolae_spider_cling_halls
Spider:4: grunt_spider_rune_circles
Orc:1:    layout_caves, uniq_maurice, uniq_urug
Orc:2:    st_orc_rangers, layout_caves, gauntlet_entry_generic
Elf:1:    eino_elf_arrival_the_gate, layout_loops_corners, minivault_28,
          serial_sigils_hangedman_carve, nicolae_concentric_dashed_squares_wild,
          st_stairs_8, grunt_ministairs_12, palyth_stone_intersect,
          roderic_roman_lattice, minmay_shop_grove
Vaults:1: nicolae_vaults_branching_niches, v_misc_16, v_rooms_2,
          vaults_room_grunt_arrival_ludios, nicolae_vaults_little_squares_4,
          ontoclasm_vaults_eye, nicolae_vaults_twisting_passages, v_pattern_4,
          vaults_dpeg_spiral, hangedman_vaults_stitches, vaults_room_door_ring,
          ontoclasm_vaults_tryst, nicolae_vaults_little_squares_5,
          nicolae_vaults_diagonal_hallway_8, layout_vaults_maze_bifur
Vaults:2: gammafunk_ghost_ooze, minmay_crypt_entry_simple_box,
          ontoclasm_vaults_ligature, vaults_dpeg_emergency_exit, v_misc_12,
          vaults_room_semicircle, vaults_room_door_hall,
          hangedman_vaults_impose, v_misc_28, vaults_mumra_hexcomb,
          nicolae_vaults_theta, grunt_vaults_focal, layout_vaults_chaotic_city,
          uniq_zenata, uniq_margery

Skill      XL: |  1  2  3  4  5  6  7  8  9 10 11 12 13 14 15 16 17 18 19 |
---------------+----------------------------------------------------------+-----
Fighting       | 4 5 6 7 8 10 11 13 14 16 18 20 21 22 23 | 23.4
Axes           | 5 6 7 8 10 12 14 15 17 18 | 18.0
Armour         | 1 2 3 4 5 7 8 10 11 12 13 14 15 16 17 | 17.7
Shields        | 1 2 3 4 6 8 10 11 13 14 | 14.5
Invocations    | 5 8 10 12 13 15 16 17 18 | 18.2
Dodging        | |  2.4
Stealth        | |  1.5

Action                     |  1- 3 |  4- 6 |  7- 9 | 10-12 | 13-15 | 16-18 | 19-21 || total
---------------------------+-------+-------+-------+-------+-------+-------+-------++-------
  Melee: Hand axe          |   120 |   196 |   353 |   332 |       |       |       ||  1001
         Punch             |       |     1 |       |       |       |       |       ||     1
         War axe           |       |       |       |   258 |   414 |       |       ||   672
         Headbutt          |       |       |       |    55 |   235 |   379 |    54 ||   723
         Broad axe         |       |       |       |       |   297 |  1229 |   182 ||  1708
  Throw: Stone             |     4 |     9 |     1 |    21 |   110 |    42 |     6 ||   193
         Dart              |       |       |       |     1 |       |       |       ||     1
 Invoke: Convert to Beogh  |       |       |     1 |       |       |       |       ||     1
         Recall Orcish Fol |       |       |       |    23 |    35 |    24 |     4 ||    86
         Smiting           |       |       |       |    11 |       |    15 |     4 ||    30
         Give Item to Name |       |       |       |       |     2 |     6 |       ||     8
         Stop Recall       |       |       |       |       |       |       |     1 ||     1
  Evoke: Wand              |       |       |       |    15 |     5 |    30 |     3 ||    53
    Use: Potion            |       |     7 |       |     1 |     1 |     6 |     4 ||    19
         Scroll            |       |     6 |     5 |    13 |     8 |     9 |     2 ||    43
   Stab: Distracted        |       |       |       |     8 |    10 |     9 |       ||    27
         Petrified         |       |       |       |       |       |     3 |       ||     3
 Armour: Robe              |    12 |       |       |       |       |       |       ||    12
         Ring mail         |    56 |    43 |     5 |       |       |       |       ||   104
         Skin              |       |    18 |       |       |       |       |       ||    18
         Chain mail        |       |       |    97 |    62 |       |       |       ||   159
         Plate armour      |       |       |       |   166 |   507 |  1128 |   113 ||  1914
  Dodge: Dodged            |   109 |    79 |   110 |   235 |   421 |   422 |    34 ||  1410
  Block: Other             |       |    18 |       |       |       |       |       ||    18
         Buckler           |       |    27 |   122 |   216 |       |       |       ||   365
         Kite shield       |       |       |       |    13 |   538 |       |       ||   551
         Tower shield      |       |       |       |       |   101 |  1418 |   163 ||  1682
         Reflection        |       |       |       |       |    49 |    56 |    24 ||   129

Table legend: (Time is in decaauts)
 A = Elapsed time spent in this place.
 B = Non-inter-level travel time spent in this place.
 C = Inter-level travel time spent in this place.
 D = Time resting spent in this place.
 E = Time spent auto-exploring this place.
 F = Levels seen in this place.
 G = Mean time per level.
                   A        B        C        D        E       F      G
               +--------+--------+--------+--------+--------+-----+--------+
         Total |  67884 |  63755 |   4129 |  25422 |  25768 |  34 | 1996.6 |
       Dungeon |  26354 |  24136 |   2218 |   9216 |  10159 |  15 | 1756.9 |
          Lair |  14646 |  13786 |    860 |   6848 |   4545 |   5 | 2929.2 |
        Shoals |  10254 |   9883 |    371 |   4667 |   3271 |   4 | 2563.5 |
   Spider Nest |   8855 |   8416 |    439 |   2560 |   3924 |   4 | 2213.8 |
  Orcish Mines |   1919 |   1802 |    117 |    584 |    829 |   2 |  959.5 |
   Elven Halls |   1518 |   1517 |      1 |    332 |    852 |   1 | 1518.0 |
        Vaults |   3172 |   3050 |    122 |    597 |   1913 |   2 | 1586.0 |
      Gauntlet |   1163 |   1163 |      0 |    618 |    275 |   1 | 1163.0 |
               +--------+--------+--------+--------+--------+-----+--------+

Top non-repeatable levels by time:
    D:14: 3544 daAuts
  Lair:4: 3450 daAuts
Vaults:1: 3102 daAuts
  Lair:2: 3074 daAuts
  Lair:3: 2898 daAuts
Shoals:3: 2850 daAuts
Shoals:2: 2830 daAuts
Spider:4: 2799 daAuts
  Lair:5: 2743 daAuts
    D:11: 2667 daAuts
     D:6: 2562 daAuts
  Lair:1: 2479 daAuts
Shoals:1: 2431 daAuts
     D:8: 2420 daAuts
Spider:3: 2290 daAuts
